[Event "Early-Titled-Tuesday-Blitz-July-09-2024"]
[Site "Chess.com"]
[Date "2024.07.09"]
[Round "9"]
[White "Jospem"]
[Black "rasmussvane"]
[Result "1-0"]
[WhiteElo "3106"]
[BlackElo "2908"]
[TimeControl "180+1"]
[EndTime "9:47:06 PDT"]
[Termination "Jospem won by resignation"]

1. e4 e5 2. Nf3 Nc6 3. Nc3 Nf6 4.
h3 Bb4 5. Bd3 O-O 6. O-O Re8 7. a3 Bc5 8. Re1 d6 9. Na4 Bb6 10. b4 Ne7 11. Nxb6 axb6 12. Bf1 c5 13. Rb1 Ng6 14. d3 h6 15. c3 Ra7 16.
Bb2 Bd7 17. Nd2 Bc6 18. Qb3 b5 19. c4 bxc4 20. dxc4 b6 21. g3 Qd7 22. Bg2 Nf8 23. Qd3 Ne6 24. Kh2 Qd8 25. Rf1 Nd4 26. f4 Rae7 27.
Rbe1 Nh7 28. b5 Bb7 29. f5 Rd7 30. Nb1 g6 31. Nc3 g5 32. a4 Ba8 33. Bc1 f6 34. Bf3 Rf8 35. Bh5 Rg7 36. Be3 Kh8 37. Ra1 Ra7 38. Ra3 Ra5 39. Bd2 Bb7 40. Rfa1 Ra8 41.
Nd1 Ra5 42. Nf2 Rg8 43. Ng4 Qa8 44. Nf2 Kg7 45. Bf3 Nf8 46. Bg2 h5 47. h4 Nh7 48. g4 hxg4 49. Nxg4 Kf7 50. Nh6+ Ke7 51. Nxg8+ Qxg8 52. Bxa5 bxa5 53. Qg3 Qg7 54. Re3 Qh6 55. h5 g4 56. Raa3 Qxh5+ 57. Kg1 Ng5 58. Kf2 Bc8 59.
Rac3 Bb7 60. Ke1 Kd7 61. Kd1 Kc7 62. Kc1 Kb6 63. Kb2 Bc8 64. Ka2 Bb7 65. Re1 Ndf3 66. Rh1 Qf7 67. Qxg4 Nd4 68. Qh5 Qg8 69. Qh8 Qf7 70.
Qd8+ Ka7 71. Qxa5+ Kb8 72. Rh8+ Bc8 73. Qb6+ 1-0

[Event "Early-Titled-Tuesday-Blitz-July-09-2024"]
[Site "Chess.com"]
[Date "2024.07.09"]
[Round "9"]
[White "kyawmyataung2005"]
[Black "aanshnerurkar"]
[Result "0-1"]
[WhiteElo "2330"]
[BlackElo "2452"]
[TimeControl "180+1"]
[EndTime "9:47:08 PDT"]
[Termination "aanshnerurkar won by resignation"]

1. e4 c5 2. Nf3 d6 3. d4 cxd4 4. Nxd4 Nf6 5. Nc3 g6 6. f3 Bg7 7. Be3 O-O 8. Qd2 Nc6 9. g4 d5 10. g5 Nh5 11. Nxd5 e6 12. Nxc6 bxc6 13. Nc3 Qa5 14. Nd1 Qc7 15. Bd3 Be5 16. Nc3 Rb8 17. O-O-O Qa5 18. f4 Bxc3 19. Qxc3 Qxa2 20. b3 Ba6 21.
Qb2 Qa5 22. Bxa6 Qxa6 23. f5 exf5 24. exf5 Rfe8 25. Rhe1 Qb5 26. fxg6 hxg6 27. Kb1 a5 28. Bd4 a4 29. Rxe8+ Rxe8 30. bxa4 Qxa4 31. Rf1 Qc4 32. Rc1 Qd5 33. Qb6 Nf4 34. Qa7 Ne2 35. Bf6 Nxc1 36.
Kxc1 Re1+ 37. Kb2 Qb5+ 38. Kc3 Re8 39. Qc7 c5 40. Qg3 Qb4+ 41. Kd3 c4+ 42. Kd4 c3+ 43. Kd3 Qb5+ 44. Kxc3 Rc8+ 45. Kd2 Qc4 46. Qd3 Qxd3+ 47.
Kxd3 Kf8 48. c4 Ke8 49. Kd4 Kd7 50. Kd5 Rh8 51. Be5 Rh5 52. Bf4 Rh4 53. Bg3 Rg4 54.
c5 Rxg5+ 55. Kc4 Rh5 56. Kb5 f5 57. Kb6 Kc8 58. c6 g5 59. Bd6 f4 60. Be7 f3 61.
Bc5 Rxh2 0-1

[Event "Early-Titled-Tuesday-Blitz-July-09-2024"]
[Site "Chess.com"]
[Date "2024.07.09"]
[Round "9"]
[White "biveklama"]
[Black "honestgames"]
[Result "1-0"]
[WhiteElo "2688"]
[BlackElo "2829"]
[TimeControl "180+1"]
[EndTime "9:47:10 PDT"]
[Termination "biveklama won on time"]

1. e4 e5 2. Nf3 Nc6 3. Nc3 Nf6 4.
Bc4 Be7 5. O-O O-O 6. d4 exd4 7. Nxd4 d6 8. Re1 Bd7 9. h3 Nxd4 10. Qxd4 Bc6 11. Bg5 h6 12. Bh4 Nd7 13. Bxe7 Qxe7 14. Bd5 Ne5 15. Rf1 Qf6 16. Rad1 g5 17. Bxc6 bxc6 18.
Ne2 c5 19. Qc3 Qg7 20. f4 Ng6 21. Qe3 Rae8 22. fxg5 hxg5 23. Qxg5 Qe5 24. Qg4 Qxe4 25.
Nf4 Re5 26. Rd3 c4 27. Rg3 Qf5 28. Qh4 Qe4 29. Nxg6 fxg6 30. Rxf8+ Kxf8 31. Qf6+ Ke8 32. Rxg6 Kd7 33. Rg7+ Kc6 34. Qf7 Qd4+ 35. Kh2 Qb6 36. Qxc4+ Kb7 37. Rg3 Rc5 38. Qb3 Rb5 39. Qf3+ d5 40.
b3 Qd6 41. h4 Rb4 42. Kh3 Rf4 43. Qc3 Qe6+ 44. Kh2 Rxh4+ 45. Rh3 Re4 46. Qg3 d4 47. Qf3 Kb6 48. Rg3 Rh4+ 49. Rh3 Re4 50. Rg3 Re3 51. Qg4 Qxg4 52. Rxg4 c5 53. Rg7 Re2 54. Kh3 Rxc2 55. Rd7 Rxa2 56. g4 Rb2 57. g5 Rxb3+ 58. Kh4 Rb1 59.
g6 Rg1 60. Kh5 a5 61. g7 a4 62. Rd6+ Kb5 63. Rg6 Rh1+ 64. Kg5 1-0

[Event "Early-Titled-Tuesday-Blitz-July-09-2024"]
[Site "Chess.com"]
[Date "2024.07.09"]
[Round "9"]
[White "Sadykov_Ramil"]
[Black "wild3000"]
[Result "1-0"]
[WhiteElo "2634"]
[BlackElo "2472"]
[TimeControl "180+1"]
[EndTime "9:47:10 PDT"]
[Termination "Sadykov_Ramil won by resignation"]

1. e4 e6 2. d4 d5 3. exd5 exd5 4. Bd3 Nf6 5. h3 Be7 6. Bf4 O-O 7. Qf3 c5 8. dxc5 Nc6 9. Ne2 Bxc5 10. O-O Nb4 11.
Nbc3 Nxd3 12. Qxd3 d4 13. Ne4 Nxe4 14. Qxe4 Re8 15.
Qd3 Qf6 16. Bg3 Bf5 17. Qd2 Rac8 18. Rad1 Red8 19. Nc1 Bb6 20. Nd3 h6 21. Rfe1 Re8 22. Rxe8+ Rxe8 23. Re1 Rxe1+ 24. Qxe1 Qe6 25. Qxe6 Bxe6 26.
b3 f6 27. Kf1 Kf7 28. Ke2 Bf5 29.
Bd6 h5 30. f3 Ke6 31. Bf8 g5 32. g4 Bg6 33. Kd2 Ba5+ 34. b4 Bb6 35. Bc5 hxg4 36. Bxb6 axb6 37. hxg4 Kd5 38. a3 Be8 39. Nf2 Bg6 40.
Nd3 Bh7 41. Ke2 Kc4 42. Kd2 Bg6 43. Nb2+ Kd5 44. Na4 Kc6 45. c3 Kb5 46. Nb2 dxc3+ 47. Kxc3 Kc6 48. Kd4 Bc2 49. Nc4 Bd1 50. Ke4 b5 51.
Ne3 Be2 52. Nf5 b6 53. Nd4+ Kd6 54. Nxe2 Ke6 55. Nd4+ Kd6 56. Nxb5+ Kc6 57. Nd4+ Kd6 58. Kf5 Kd5 59. Ne6 Kc4 60. Kxf6 Kb3 61. Nc7 Kxa3 62.
b5 Kb4 63. Nd5+ Kc5 64. Nxb6 Kd6 65. Kxg5 Kc5 66. f4 Kxb6 67. f5 Kxb5 68. f6 Kc6 69.
Kg6 Kd7 70. Kg7 Ke6 71. f7 Ke5 72. g5 Ke6 73. g6 Kd7 74. f8=Q Ke6 75. Qf7+ Kd6 76.
Kf6 Kc6 77. Qe7 Kb6 78. Qd7 1-0

[Event "Early-Titled-Tuesday-Blitz-July-09-2024"]
[Site "Chess.com"]
[Date "2024.07.09"]
[Round "9"]
[White "SahibSinghKnight"]
[Black "KevinGeorgeMicheal"]
[Result "0-1"]
[WhiteElo "2662"]
[BlackElo "2540"]
[TimeControl "180+1"]
[EndTime "9:47:12 PDT"]
[Termination "KevinGeorgeMicheal won on time"]

1. e4 e5 2. Nf3 Nf6 3. Nxe5 d6 4. Nf3 Nxe4 5. Nc3 Nxc3 6. dxc3 Be7 7. Be3 O-O 8. Qd2 Nc6 9. O-O-O Be6 10. Kb1 a5 11. Bd3 Bf6 12. Ng5 Bxg5 13. Bxg5 Qd7 14. h4 Bf5 15. h5 Bxd3 16. Qxd3 h6 17. Be3 Ne5 18. Qe4 Rae8 19. Qf4 Qg4 20. f3 Qxf4 21. Bxf4 f6 22. b3 Kf7 23. Kc1 Nd7 24. Kd2 Re6 25.
Rde1 Rfe8 26. Rxe6 Rxe6 27. Rh4 Ne5 28. Be3 b6 29.
Ra4 Nc6 30. Rc4 d5 31. Rg4 Rd6 32. Rh4 Rd7 33. Bf2 Ne7 34. b4 Nf5 35. Rf4 Nd6 36.
bxa5 Nc4+ 37. Kd3 Nxa5 38. Rb4 Nc6 39. Rb5 Ke6 40. a4 Ne5+ 41. Kd2 Nc4+ 42. Kd3 Ne5+ 43.
Ke2 Nc6 44. g4 Na5 45. f4 Nc4 46. Kd3 Rd8 47. Bg3 c6 48. Rb4 Ra8 49. Bf2 c5 50. Rb1 Rxa4 51. Re1+ Kf7 52. Rb1 Ra6 53. Ke2 Nd6 54.
Rd1 Ne4 55. Be1 Ke6 56. Ke3 Ra3 57. f5+ Ke5 58. Rd3 b5 59. c4 d4+ 60. Kf3 b4 61. Ke2 Nc3+ 0-1

[Event "Early-Titled-Tuesday-Blitz-July-09-2024"]
[Site "Chess.com"]
[Date "2024.07.09"]
[Round "9"]
[White "vi_pranav"]
[Black "BlackBoarder"]
[Result "1-0"]
[WhiteElo "3004"]
[BlackElo "2737"]
[TimeControl "180+1"]
[EndTime "9:47:16 PDT"]
[Termination "vi_pranav won by resignation"]

1. Nf3 Nf6 2. g3 g6 3. Bg2 Bg7 4. O-O O-O 5. c4 c6 6. d4 d5 7. a4 a5 8. Nc3 Bf5 9. b3 Na6 10. Ba3 Nb4 11. Rc1 Ne4 12. Nh4 Nxc3 13. Rxc3 Be6 14.
c5 b6 15. cxb6 Qxb6 16. e3 Rfc8 17. Qd2 c5 18. Rxc5 Rxc5 19. dxc5 Qxc5 20. Rc1 Qb6 21. Nf3 Rc8 22. Rxc8+ Bxc8 23. Bxb4 Qxb4 24. Qxd5 Be6 25.
Qa8+ Bf8 26. Nd4 Qe1+ 27. Bf1 Bh3 28. Qa6 e6 29. Nf3 Qd1 30. Qd3 Qxf3 31. Bxh3 Bb4 32. Bg2 Qf5 33. Be4 Qe5 34. Kg2 h5 35. h4 Kg7 36. Bf3 Qc3 37. Qd1 Qd2 38. Qb1 Qc3 39. Be2 Qd2 40. Bc4 Qc3 41. Qe4 Qd2 42. Qb7 Qc3 43.
Bxe6 Qf6 44. Bc4 Be1 45. Qf3 Qxf3+ 46. Kxf3 Kf6 47. e4 Bb4 48. Ke2 Ke7 49. f4 f6 50.
Kf3 Kf8 51. g4 hxg4+ 52. Kxg4 Kg7 53. Bb5 Bd6 54. Be8 Bc7 55. f5 gxf5+ 56. Kxf5 Bd6 57. Bc6 Be5 58. b4 axb4 59. Bd5 Bc7 60. Bb3 Be5 61. a5 Bd4 62. a6 Kh6 63. Bd1 b3 64. Bxb3 Kh5 65.
Ke6 Kxh4 66. Kd6 Kg5 67. Be6 Kf4 68. Bf5 Bf2 69. Kc6 Ke5 70. Kb7 Kd6 71. a7 1-0

[Event "Early-Titled-Tuesday-Blitz-July-09-2024"]
[Site "Chess.com"]
[Date "2024.07.09"]
[Round "9"]
[White "Msb2"]
[Black "Igor_Janik"]
[Result "1/2-1/2"]
[WhiteElo "3096"]
[BlackElo "2898"]
[TimeControl "180+1"]
[EndTime "9:47:17 PDT"]
[Termination "Game drawn - insufficient material"]

1. d4 Nf6 2. c4 e6 3. Nc3 Bb4 4. e3 O-O 5. Bd2 b6 6. Nf3 d5 7. cxd5 exd5 8. Rc1 Re8 9. Ne5 Bb7 10. Bd3 a6 11.
O-O Nbd7 12. f4 Bxc3 13. Bxc3 Ne4 14. Bxe4 dxe4 15. Qb3 Nxe5 16. dxe5 Qd3 17. Rfe1 Bd5 18. Qa3 Qb5 19. b3 Be6 20. Qb2 Rad8 21. Qf2 Qd7 22.
b4 Bf5 23. Bd4 Re6 24. Rc3 Rg6 25. Kh1 b5 26. Rec1 c6 27. Qc2 Rc8 28. a4 h5 29.
axb5 axb5 30. Qf2 Qe7 31. Bc5 Qe6 32. Rd1 Qe8 33. Ra3 Rd8 34. Rd4 Rxd4 35. Bxd4 Qe6 36.
Qh4 Rh6 37. Qd8+ Kh7 38. Ra8 h4 39. Qg8+ Kg6 40. Rd8 Qc4 41. Rd6+ Kh5 42. h3 Qf1+ 43. Kh2 Qe1 44. Qxg7 Bg6 45. Bc3 Qxe3 46. Qf6 Qg3+ 47. Kh1 e3 48. f5 e2 49. fxg6 e1=Q+ 50. Bxe1 Qxe1+ 51. Kh2 Qg3+ 52. Kg1 Qe1+ 53. Qf1 Qxf1+ 54. Kxf1 Rxg6 55. Kf2 Kg5 56. Ke3 Kf5 57. Rxg6 fxg6 58.
Kd4 g5 59. Kc5 Kxe5 60. Kxc6 Kf4 61. Kxb5 Kg3 62. Kc6 Kxg2 63. b5 g4 64. hxg4 h3 65.
b6 h2 66. b7 h1=Q 67. b8=Q Qc1+ 68. Kb7 Qb2+ 69. Kc8 Qh8+ 70. Kb7 Qb2+ 71. Ka8 Qa3+ 72. Qa7 Qf8+ 73. Kb7 Qg7+ 74. Kb6 Qxg4 75. Qa2+ Kh3 76. Qb3+ Qg3 77. Qxg3+ Kxg3 1/2-1/2

[Event "Early-Titled-Tuesday-Blitz-July-09-2024"]
[Site "Chess.com"]
[Date "2024.07.09"]
[Round "9"]
[White "FXDon77"]
[Black "Shield12"]
[Result "1-0"]
[WhiteElo "2890"]
[BlackElo "2967"]
[TimeControl "180+1"]
[EndTime "9:47:19 PDT"]
[Termination "FXDon77 won on time"]

1. e4 c5 2. Nf3 e6 3. c3 Nf6 4. e5 Nd5 5. d4 cxd4 6. cxd4 d6 7. Bc4 Be7 8. O-O O-O 9. Bxd5 exd5 10. Nc3 Be6 11.
Bf4 dxe5 12. Nxe5 Nd7 13. Nxd7 Qxd7 14. Rc1 Rac8 15. Qd2 b5 16. Rfe1 b4 17. Ne2 a5 18.
Rxc8 Rxc8 19. Rc1 Rc4 20. b3 Rxc1+ 21. Qxc1 h6 22. Qc7 Bd8 23. Qxd7 Bxd7 24. Nc1 Bf5 25.
Kf1 g5 26. Bd6 f6 27. Ke2 Bb1 28. a3 bxa3 29. Bxa3 Kf7 30. Nd3 Bc7 31. h3 h5 32.
Nc5 Bd6 33. b4 axb4 34. Bxb4 Ba2 35. Nd3 Bc7 36. f4 Kg6 37. fxg5 fxg5 38. Ne5+ Kf5 39. Kf3 h4 40. Be7 Bb6 41. Nc6 Bb3 42. Bc5 Bc7 43. Ne5 Bd1+ 44. Ke3 Bc2 45. Be7 Be4 46. Nf3 Bf4+ 47. Ke2 Bc2 48. Bd8 Ba4 49. Be7 Bb5+ 50. Kf2 Ba6 51. Bd8 Kg6 52. Ne5+ Kh5 53. Be7 Bb5 54.
Bd8 Ba4 55. Be7 Bc2 56. Bd8 Bg3+ 57. Ke3 Be4 58. Nf3 g4 59. hxg4+ Kxg4 60. Ne5+ Kf5 61. Nf3 Kg4 62. Ne5+ Bxe5 63. dxe5 Bxg2 64. Kf2 Be4 65. e6 Bg6 66. e7 Be8 67. Bc7 d4 68. Bb6 d3 69.
Ke3 1-0

[Event "Early-Titled-Tuesday-Blitz-July-09-2024"]
[Site "Chess.com"]
[Date "2024.07.09"]
[Round "9"]
[White "Dreamer_01"]
[Black "CrimeFightingSpider07"]
[Result "0-1"]
[WhiteElo "2449"]
[BlackElo "2616"]
[TimeControl "180+1"]
[EndTime "9:47:19 PDT"]
[Termination "CrimeFightingSpider07 won on time"]

1. Nf3 Nf6 2. c4 e6 3. g3 d5 4. Bg2 Be7 5. O-O O-O 6. d3 c5 7. b3 d4 8. a3 Nc6 9. Bb2 e5 10. Nbd2 Bf5 11. Ng5 Qd7 12. Nge4 Nxe4 13. Nxe4 Bh3 14. Bxh3 Qxh3 15. b4 f5 16. Nxc5 Bxc5 17.
bxc5 f4 18. Kh1 Rf6 19. Rg1 Raf8 20. Qf1 Qxf1 21. Raxf1 fxg3 22. f3 gxh2 23. Kxh2 Ne7 24. a4 Ng6 25. Bc1 Rc8 26. Bg5 Rf7 27. Rb1 Rxc5 28. Rb5 Rxb5 29. axb5 b6 30. Rc1 Nf8 31. c5 bxc5 32. Rxc5 h6 33. Bd2 Nd7 34. Rc7 Nb6 35. Rc6 Rd7 36. Ba5 Nd5 37. Re6 Re7 38. Rd6 Nf4 39. Rd8+ Kf7 40. Bb4 Rb7 41. Rf8+ Kg6 42. Bd6 Rxb5 43. Bxe5 Rxe5 44. Rxf4 Rxe2+ 45. Kg3 Ra2 46.
Rxd4 a5 47. Rd6+ Kf5 48. Rd7 g6 49. Rf7+ Ke6 50. Ra7 a4 51. Kf4 g5+ 52. Ke4 a3 53. Ra6+ Kf7 54. Kf5 Rf2 55. Ra7+ Kf8 56. Kg6 Rxf3 57.
Rxa3 Rh3 58. Ra8+ Ke7 59. d4 Kd6 60. Rd8+ Ke6 61. Re8+ Kd5 62. Rd8+ Kc4 63. d5 Kc5 64. d6 Kc6 65. Kf5 Rd3 66. Rc8+ Kd7 0-1

[Event "Early-Titled-Tuesday-Blitz-July-09-2024"]
[Site "Chess.com"]
[Date "2024.07.09"]
[Round "9"]
[White "sergoy"]
[Black "David_Arutinian"]
[Result "0-1"]
[WhiteElo "2932"]
[BlackElo "2844"]
[TimeControl "180+1"]
[EndTime "9:47:21 PDT"]
[Termination "David_Arutinian won on time"]

1. d4 Nf6 2. c4 e6 3. Nf3 d5 4. Nc3 a6 5. cxd5 exd5 6. Bg5 Be6 7. e3 Nbd7 8. Bd3 Bd6 9. h3 c6 10. Bf4 Qb8 11. Qd2 h6 12. O-O O-O 13. Rac1 Re8 14. Rfe1 a5 15. Bxd6 Qxd6 16. Qc2 b6 17. Ne2 c5 18.
Bb5 Rec8 19. Qd1 Bf5 20. Ng3 Bh7 21. a4 c4 22. Nd2 Nf8 23. e4 dxe4 24. Nxc4 Qd8 25.
Qd2 Ne6 26. Rcd1 Rab8 27. d5 Nc5 28. Ne5 Qd6 29. Nc4 Qd8 30. Ne3 Qd6 31. Nef5 Bxf5 32. Nxf5 Qe5 33. Ne3 Rd8 34. Bc4 h5 35. b3 Rd6 36. Qd4 Qg5 37. Qd2 Qe5 38. Qd4 Qg5 39. Qd2 Qg6 40. b4 axb4 41. Qxb4 Ra8 42. Bb5 Qg5 43. Qc4 Qe5 44. Qd4 Qxd4 45. Rxd4 Rad8 46. Red1 g6 47. Kf1 Kf8 48. Ke2 Ke7 49. R4d2 Ra8 50.
Nc4 Nxa4 51. Nxd6 Nc3+ 52. Ke1 Nxd1 53. Nxe4 Nxe4 54. Rxd1 Nc3 55. Bc6 Nxd1 56. Bxa8 Nc3 57. Kd2 Ne4+ 58. Ke3 Nd6 59. Kd4 f6 60. Bc6 h4 61.
Ke3 f5 62. Kd4 Kf6 63. Bd7 Ne4 64. Bb5 Nd6 65. Bd3 g5 66. f3 Nf7 67. Bb5 Nd6 68. Bd3 f4 69. Bc2 Nf7 70. Bd3 Nd6 71. Bc2 Ne8 72.
Ba4 Nd6 73. Bb3 Nf5+ 74. Kc4 Ke5 75. Kb5 Nd4+ 0-1

[Event "Early-Titled-Tuesday-Blitz-July-09-2024"]
[Site "Chess.com"]
[Date "2024.07.09"]
[Round "9"]
[White "ansko1999"]
[Black "Mops_2004"]
[Result "0-1"]
[WhiteElo "2627"]
[BlackElo "2730"]
[TimeControl "180+1"]
[EndTime "9:47:22 PDT"]
[Termination "Mops_2004 won by checkmate"]

1. Nc3 c6 2. e4 d5 3. d4 dxe4 4.
Nxe4 Nf6 5. Nxf6+ exf6 6. c3 Bd6 7. Bd3 O-O 8. Ne2 Re8 9. O-O Na6 10. Ng3 Nc7 11.
Qf3 g6 12. Ne4 Be7 13. Bh6 f5 14. Nc5 b6 15. Nb3 Be6 16. c4 Qd7 17. h3 a5 18.
a4 Na6 19. Rac1 Nb4 20. Bb1 Rad8 21. Rfe1 Bf6 22. g4 Bg7 23. Bxg7 Kxg7 24. gxf5 Bxf5 25. Bxf5 Qxf5 26. Qxf5 gxf5 27. Kf1 Nd3 28. Rxe8 Rxe8 29. Rb1 Kf6 30. c5 bxc5 31. dxc5 Re4 32. Nxa5 Rxa4 33. Nxc6 Nxc5 34. b4 Nd7 35. Rb2 Nb6 36. Ke2 Ra3 37. Nd4 Ke5 38. Nc2 Rxh3 39. Ne3 f4 40.
Ng4+ Kd4 41. Rd2+ Kc4 42. Ne5+ Kxb4 43. Nxf7 Nc4 44. Rd4 f3+ 45. Kd3 Kb3 46. Rxc4 Rh2 47. Rf4 Rxf2 48. Ng5 Rf1 49. Nxf3 Kb2 50. Nd2 Rxf4 51.
Ke3 Rg4 52. Kf3 Rg7 53. Ne4 Kc2 54. Nd6 Kd3 55. Nf5 Rf7 56. Kg4 Rf6 57. Kg5 Rg6+ 58. Kf4 Rb6 59. Ng3 Kd4 60. Nf5+ Kd5 61. Ne3+ Ke6 62.
Kg5 Kf7 63. Nf5 Rb5 64. Kg4 Kg6 65. Ne7+ Kf6 66. Nc8 Rd5 67. Nb6 Rd4+ 68. Kg3 h5 69. Kh3 Kg5 70. Kg3 h4+ 71. Kf3 h3 72. Kg3 Rd3+ 73.
Kh2 Kg4 74. Nc4 Kh4 75. Kg1 Kg3 76. Kh1 Rd1# 0-1

[Event "Early-Titled-Tuesday-Blitz-July-09-2024"]
[Site "Chess.com"]
[Date "2024.07.09"]
[Round "9"]
[White "cmunda"]
[Black "chessmachine14"]
[Result "0-1"]
[WhiteElo "2094"]
[BlackElo "2240"]
[TimeControl "180+1"]
[EndTime "9:47:26 PDT"]
[Termination "chessmachine14 won on time"]

1. e4 c5 2. c3 d5 3. exd5 Qxd5 4. d4 Nf6 5. Nf3 e6 6. Bd3 cxd4 7. cxd4 Bb4+ 8.
Nc3 Qa5 9. Bd2 O-O 10. O-O Nc6 11. a3 Bxc3 12. bxc3 Qd8 13. Re1 b6 14. Bg5 h6 15.
Bh4 Bb7 16. Qe2 Nb8 17. c4 Nbd7 18. Rad1 Rc8 19. Ne5 Qc7 20. f4 Qd6 21. Kh1 a6 22. Bb1 Qxa3 23. Rd3 Qa1 24. Bc2 Qb2 25. Rb1 Qa2 26. Rg3 Nxe5 27. Bh7+ Nxh7 28. Qxa2 Nxc4 29. h3 Nd6 30. Be7 Nf5 31. Bxf8 Nxg3+ 32. Kh2 Nf5 33.
Ba3 b5 34. Rc1 Rd8 35. Bc5 Nf6 36. g4 Nh4 37. Kg3 g5 38. Rd1 Ne4+ 39. Kh2 Nc3 40. Qa5 Nf3+ 41. Kg3 Rd7 42. Qxc3 gxf4+ 43. Kxf4 Ng5 44.
h4 Ne4 45. Qb2 Nxc5 46. dxc5 Rxd1 47. Qc2 Rf1+ 48. Ke3 Bc6 49. Ke2 Rg1 50. Ke3 Rxg4 51. Qc1 Re4+ 52. Kd3 Rc4 53. Qxh6 Rxc5 54. h5 Bf3 55. Qf4 Rd5+ 56. Ke3 Bxh5 57. Qb8+ Kg7 58. Qc8 a5 59. Qb7 a4 60. Qa7 Bg6 61. Kf4 Rf5+ 62.
Kg4 Bh5+ 63. Kg3 Bg6 64. Qd4+ Kh7 65. Kg4 a3 66. Qc3 Bh5+ 67. Kg3 Rf3+ 68. Qxf3 Bxf3 69. Kxf3 a2 0-1

[Event "Early-Titled-Tuesday-Blitz-July-09-2024"]
[Site "Chess.com"]
[Date "2024.07.09"]
[Round "9"]
[White "Bkmzzzzz"]
[Black "albi1999"]
[Result "1/2-1/2"]
[WhiteElo "2426"]
[BlackElo "2622"]
[TimeControl "180+1"]
[EndTime "9:47:33 PDT"]
[Termination "Game drawn - insufficient material"]

1. e4 e5 2. Nf3 Nc6 3. Nc3 Nf6 4. d4 exd4 5. Nd5 Bc5 6. Bg5 Be7 7. Bxf6 Bxf6 8. Bb5 O-O 9. Bxc6 dxc6 10. Nxf6+ Qxf6 11. Qxd4 Re8 12. O-O-O Qf4+ 13. Kb1 Bg4 14. Rhe1 Bxf3 15. gxf3 Qxh2 16. Rg1 g6 17. Rh1 Qe5 18. Qe3 b6 19. Rh6 Rad8 20. Rdh1 Qg7 21. c3 Rd7 22. Qf4 Red8 23.
Kc2 c5 24. Rxh7 Qxh7 25. Rxh7 Kxh7 26. Qf6 Kg8 27. Kb3 Rd2 28. e5 Re8 29. f4 Rxf2 30.
Qc6 Re7 31. Qe4 Kg7 32. Qe3 Rf1 33. Qd2 Re6 34. Kc4 c6 35. a4 a5 36. Kb3 b5 37.
Ka2 c4 38. Qe3 Re8 39. Qd2 Kg8 40. Qd4 Rf3 41. Qe4 Rf1 42. Qxc6 Re6 43. Qe4 bxa4 44.
Qxc4 Rf2 45. Qxa4 Rb6 46. Qd4 Rfxb2+ 47. Ka1 Rb8 48. f5 gxf5 49. Qf4 Rb1+ 50. Ka2 R1b6 51.
Qxf5 Rc6 52. Qg4+ Kf8 53. Qf3 Rbc8 54. Qh3 Rxc3 55. Qh8+ Ke7 56. Qf6+ Ke8 57. Qh8+ Kd7 58. Qf6 Rc2+ 59. Kb1 Rc1+ 60. Kb2 R8c2+ 61. Kb3 Ke8 62. Qh8+ Kd7 63. Qf6 Rc3+ 64. Ka4 Rc4+ 65. Kxa5 R4c2 66. Qxf7+ Kc6 67. Qe6+ Kc5 68. Qd6+ Kc4 69. Qc6+ Kd4 70. Qd6+ Ke4 71. Qg6+ Kxe5 72. Qg5+ Kd4 73. Qf4+ Kc3 74. Qe3+ Kb2 75. Ka4 Rc4+ 76. Kb5 R4c3 77. Qd4 Kb3 78. Qd5+ Ka3 79. Qd6+ Ka2 80. Qd5+ Rb3+ 81. Ka4 Rc3 82. Qe6 Kb2 83. Qe2+ Kb1 84. Qd1+ Ka2 85. Qd2+ Kb1 86. Qd1+ Kb2 87. Qd2+ Rc2 88. Qd4+ Rbc3 89. Kb4 Ka2 90. Qxc3 Rxc3 91. Kxc3 1/2-1/2

[Event "Early-Titled-Tuesday-Blitz-July-09-2024"]
[Site "Chess.com"]
[Date "2024.07.09"]
[Round "9"]
[White "Noki102"]
[Black "edgarhay012"]
[Result "0-1"]
[WhiteElo "2538"]
[BlackElo "2696"]
[TimeControl "180+1"]
[EndTime "9:47:53 PDT"]
[Termination "edgarhay012 won by checkmate"]

1. Nc3 c5 2. e4 Nc6 3. Bc4 e6 4. d3 Nf6 5. Bg5 Be7 6. Nge2 O-O 7. O-O a6 8. a4 h6 9. Bxf6 Bxf6 10. Kh1 Nd4 11. Nxd4 Bxd4 12. f4 Bxc3 13. bxc3 d5 14. Bb3 Rb8 15. Qf3 dxe4 16. Qxe4 b5 17. axb5 axb5 18.
Ra7 Qb6 19. Rfa1 c4 20. dxc4 bxc4 21. Qxc4 Bb7 22. R7a4 Bd5 23. Qd3 Rfd8 24. Ra6 Qf2 25. Bxd5 Rxd5 26. Qe4 Rbd8 27. Ra8 g6 28. Rxd8+ Rxd8 29. h3 Qc5 30. Ra8 Rxa8 31. Qxa8+ Kg7 32. Qf3 h5 33.
Qd3 Kh7 34. Qd4 Qf5 35. Kh2 Qxc2 36. Qf6 Kg8 37. Qd8+ Kg7 38. Qd4+ Kh7 39. c4 Qa4 40. Qc3 h4 41. c5 Qxf4+ 42. Kg1 Qc7 43. c6 Kg8 44.
Qc5 Kg7 45. Qd4+ e5 46. Qd7 Qb6+ 47. Kh2 Qf2 48. Qg4 Qc2 49. Qd7 Qf2 50. Qg4 f5 51. Qg5 Qc5 52. Qxh4 e4 53. Qd8 Qxc6 54. Qe7+ Kg8 55.
Qd8+ Kf7 56. Qd4 Ke6 57. Qe3 Qd6+ 58. Kh1 Qd1+ 59. Kh2 Qd5 60. Qg5 Qe5+ 61. Kh1 Qf6 62. Qe3 Kd5 63. Qb3+ Kc5 64. Qa3+ Kc4 65. Qa2+ Kd3 66.
Qb1+ Kd2 67. Qa2+ Kc1 68. Qc4+ Kd1 69. Qf1+ Kd2 70. Qf2+ Kd3 71. Qf1+ Kc2 72. Qe2+ Kb3 73. Qd1+ Kc4 74. Qe2+ Kd5 75. Qb5+ Ke6 76. Qe8+ Kd6 77.
Qb8+ Ke7 78. Qc7+ Kf8 79. Qc8+ Kg7 80. Qc1 Qe5 81. Qe3 f4 82. Qa7+ Kh6 83. Qf2 e3 84. Qh4+ Kg7 85. Kg1 e2 86. Qe1 Qe3+ 87. Kh2 Qg3+ 88. Qxg3 fxg3+ 89. Kxg3 e1=Q+ 90. Kg4 Qe2+ 91. Kg3 Kf6 92. h4 Kf5 93. Kh3 Qg4+ 94. Kh2 Kf4 95. Kg1 Ke3 96. h5 gxh5 97. Kh1 Kf2 98. g3 Qh3# 0-1

[Event "Early-Titled-Tuesday-Blitz-July-09-2024"]
[Site "Chess.com"]
[Date "2024.07.09"]
[Round "9"]
[White "lildoggo2007"]
[Black "profedechess93"]
[Result "1-0"]
[WhiteElo "2431"]
[BlackElo "2594"]
[TimeControl "180+1"]
[EndTime "9:47:57 PDT"]
[Termination "lildoggo2007 won by resignation"]

1. e4 e6 2. d4 d5 3. Nc3 Nf6 4. e5 Nfd7 5. f4 c5 6. Nf3 Nc6 7. Be3 a6 8. Qd2 b5 9. Nd1 Qb6 10. Be2 cxd4 11. Nxd4 Bc5 12. c3 b4 13. O-O bxc3 14. bxc3 O-O 15. Nf2 Rb8 16. Rfd1 Na5 17. Qc2 Qb2 18. Qxb2 Rxb2 19. Kf1 Rb8 20. Rdb1 Bb7 21.
Nd3 Rfc8 22. Nxc5 Nxc5 23. Nb3 Naxb3 24. axb3 Ne4 25. c4 d4 26. Bxd4 Nd2+ 27. Kf2 Nxb1 28. Rxb1 Bc6 29. g3 a5 30. Ke3 a4 31. b4 a3 32. b5 Bb7 33. c5 Bd5 34. Bd3 a2 35. Ra1 f6 36. exf6 gxf6 37. c6 Kf7 38. Kd2 Re8 39. Ba7 Ra8 40. Bc5 e5 41.
fxe5 fxe5 42. Rf1+ Ke6 43. Ra1 e4 44. Be2 Rec8 45.
Ke3 Ra4 46. Bd4 Rb8 47. c7 Ra3+ 48. Kf4 Rf8+ 49. Kg5 Bb7 50. b6 Ra5+ 51. Kh4 Kd5 52. Be3 Bc8 53. g4 Rf3 54. Bg5 Kc6 55. Bxf3 exf3 56.
Be3 Be6 57. Kg3 Kb7 58. Kxf3 Rb5 59. Bd4 Rb1 60. Kf4 Rb4 61. Ke5 Bg8 62. g5 Rb5+ 63. Kf6 Rb4 64. Be5 Rb5 65. h4 Rxb6+ 66. Kg7 Bd5 67. Kxh7 Rb4 68. Bf6 Rxh4+ 69. Kg7 Ra4 70.
g6 Rg4 71. Kh6 Be4 72. g7 Bd5 73. Kh5 Rg2 74. Bc3 Bf7+ 75. Kh4 Kxc7 76. Be5+ Kd7 77.
Kh3 Rg6 78. Kh2 Ke6 79. Bd4 Kf5 80. Rf1+ Ke6 81. Ra1 Kd5 82. Bb2 Ke4 83. Re1+ Kd3 84. Rf1 Be6 85. Rf6 Rxf6 86. Bxf6 Bg8 87. Kg3 Kc2 88.
Kh4 Kb1 89. Kg5 a1=Q 90. Bxa1 Kxa1 91. Kf6 Ka2 92. Ke7 Ka3 93. Kf8 Kb4 94. Kxg8 1-0

[Event "Early-Titled-Tuesday-Blitz-July-09-2024"]
[Site "Chess.com"]
[Date "2024.07.09"]
[Round "9"]
[White "Alexchess1984"]
[Black "amanjazu"]
[Result "1-0"]
[WhiteElo "2782"]
[BlackElo "2584"]
[TimeControl "180+1"]
[EndTime "9:48:07 PDT"]
[Termination "Alexchess1984 won on time"]

1. e4 e6 2. d4 d5 3. e5 c5 4.
c3 Nc6 5. Nf3 Nge7 6. Na3 Nf5 7.
Nc2 cxd4 8. cxd4 Be7 9. Bd3 Nh4 10. Nxh4 Bxh4 11. Qg4 g6 12. Bh6 Be7 13. O-O Bf8 14.
Bxf8 Kxf8 15. b4 f5 16. exf6 Qxf6 17. Rad1 Kg7 18. b5 Nd8 19. Qg3 Nf7 20. Ne3 h5 21.
Qc7 Qd8 22. Rc1 Re8 23. Rfe1 Qd6 24. Qxd6 Nxd6 25. Rc7+ Kf6 26. h4 Rd8 27. a4 Bd7 28. g3 Rac8 29. Rec1 Ne8 30. R7c5 b6 31. R5c2 Rxc2 32.
Rxc2 Rc8 33. f4 Rxc2 34. Nxc2 Nd6 35. Ne3 Nb7 36. Kf2 Na5 37. Bc2 Nc4 38. Nxc4 dxc4 39. Ke3 Bc8 40. Kd2 Bb7 41. Kc3 Bd5 42. Bb1 Kf7 43.
Ba2 Kf6 44. Bxc4 Kf5 45. Bd3+ Be4 46. Be2 Bd5 47. Kd3 Bb3 48. Ke3 Bxa4 49. Bd3+ Kf6 50. Ke4 Bb3 51. Ke3 Bd5 52. Be2 Kf5 53. Bd1 Kf6 54.
Be2 Kf5 55. Bd3+ Kf6 56. Kf2 Bb7 57. Ke3 Bg2 58. Be4 Bf1 59. Bc6 Bc4 60. Kf3 Bd5+ 61. Ke3 Kf5 62. Bd7 Kg4 63. Kf2 Kf5 64. Bc8 Ke4 65. Bd7 Kxd4 66. Be8 Kc5 67. Bxg6 Kxb5 68.
Bxh5 Be4 69. Be2+ Kc5 70. Bf3 Bh7 71. g4 a5 72. g5 a4 73. Bd1 a3 74. Bb3 Bf5 75. h5 Kb4 76. Ba2 Kc3 77. g6 Kb2 78. g7 Bh7 79. Bxe6 a2 80. Bxa2 Kxa2 81. f5 b5 82. f6 Bg8 83. h6 b4 84. h7 Bxh7 85.
f7 b3 86. f8=Q b2 87. Qa8+ Kb3 88. Qb7+ Ka2 89. Qa6+ Kb3 90. Qb5+ Ka3 91. Ke3 Ka2 92. Qa5+ Kb1 93. Kd2 Bg8 94. Qa3 1-0